 Dungeon Crawl Stone Soup version 0.24-a0-271-ga0fc33f724 (webtiles) character file.

Game seed: 17461825957657185062

49 Redear the Skirmisher (level 3, 0/29 HPs)
             Began as a Demonspawn Fighter on Apr 23, 2019.
             Slain by a crimson imp (2 damage)
             ... summoned by Natasha
             ... on level 2 of the Dungeon.
             The game lasted 00:01:34 (1060 turns).

Redear the Skirmisher (Demonspawn Fighter)          Turns: 1060, Time: 00:01:35

Health: 0/29       AC:  6    Str: 17    XL:     3   Next: 53%
Magic:  3/3        EV:  7    Int:  9    God:
Gold:   36         SH:  9    Dex: 12    Spells: 2/2 levels left

rFire    . . .     SeeInvis .   a - +0 flail
rCold    . . .     Gourm    .   c - +0 shield
rNeg     . . .     Faith    .   b - +0 scale mail
rPois    .         Spirit   .   (no helmet)
rElec    .         Reflect  .   (no cloak)
rCorr    .         Harm     .   (no gloves)
MR       .....                  (no boots)
Stlth    ..........             (no amulet)
HPRegen  0.09/turn              (no ring)
MPRegen  0.08/turn              (no ring)

@: very slightly contaminated, hasted and slowed, invisible
A: powered by death 1, spiny 1
a: no special abilities


You were on level 2 of the Dungeon.
You were hungry.

You visited 1 branch of the dungeon, and saw 2 of its levels.

You collected 36 gold pieces.

Inventory:

Hand Weapons
 a - a +0 flail (weapon)
Armour
 b - a +0 scale mail (worn)
 c - a +0 shield (worn)
Scrolls
 e - 2 scrolls of enchant armour {unknown}
 f - a scroll of amnesia {unknown}
 g - 4 scrolls of identify {unknown}
 i - a scroll of teleportation {unknown}
 l - a scroll of random uselessness {unknown}
Potions
 d - a potion of might {Str+5 DMG+1d10 | @q3}
 k - a potion of agility {unknown}
Comestibles
 z - a ration


   Skills:
 + Level 3.4 Fighting
 + Level 2.2 Maces & Flails
 + Level 3.1 Armour
 + Level 0.7 Dodging
 + Level 3.1 Shields


You had 2 spell levels left.
You didn't know any spells.
Your spell library was empty.

Dungeon Overview and Level Annotations

Branches:
Dungeon (2/15)

Altars:

Annotations:
D:2 Natasha


Innate Abilities, Weirdness & Mutations

You regenerate a little health from kills.
You are partially covered in sharp spines.


Message History

Okay, then.
The crimson imp completely misses you.
You see here a quokka corpse.
Unknown command.
It was a potion of invisibility.
You fade into invisibility!
The crimson imp hits you but does no damage.
You are very lightly contaminated with residual magic.
Okay, then.
Natasha howls an incantation.
You feel disoriented. Natasha claws you.
* * * LOW HITPOINT WARNING * * *
Unknown command.
It was a potion of haste.
You feel yourself speed up. The crimson imp closely misses you.
Natasha claws you.
* * * LOW HITPOINT WARNING * * *
The crimson imp is struck by your spines.
The crimson imp hits you.
You die...

.....>....
#.........###.!..#
............#....#
.........#.#..h.#
#.......#.#....##
#.......#<..(...#
#.......#.......#
#.....5)#.......#
#####@#(#.......#
#.h†.........#
#......########## .
#................
....######
#......##...#...
.........# #......##...#
..######.###......##...#
#...............##...#
#.##.#.###......##...#


You could see Natasha and a crimson imp.

Vanquished Creatures
  An adder (D:2)
  A dart slug (D:1)
  A ball python (D:1)
  3 giant cockroaches
  8 goblins
  3 hobgoblins (D:1)
  4 kobolds
  3 quokkas (D:2)
  6 bats (D:1)
  4 rats (D:1)
34 creatures vanquished.

Notes
Turn   | Place    | Note
-------+----------+-------------------------------------------
     0 | D:1      | Redear the Demonspawn Fighter began the quest for the Orb.
     0 | D:1      | Reached XP level 1. HP: 18/18 MP: 1/1
    69 | D:1      | Reached skill level 2 in Maces & Flails
   285 | D:1      | Gained mutation: You regenerate a little health from kills.
                  | [demonic ancestry]
   285 | D:1      | Reached XP level 2. HP: 24/24 MP: 2/2
   823 | D:1      | Reached skill level 3 in Armour
   824 | D:1      | Reached skill level 3 in Shields
   979 | D:2      | Gained mutation: You are partially covered in sharp spines.
                  | [demonic ancestry]
   979 | D:2      | Reached XP level 3. HP: 29/29 MP: 3/3
  1041 | D:2      | Noticed Natasha
  1060 | D:2      | HP: 2/29 [Natasha (1)]
  1060 | D:2      | Slain by a crimson imp

Levels and vault maps discovered:
D:1:      minmay_arrival_five_plusses, layout_loops_ring
D:2:      layout_basic, nicolae_overflow_hidden_temple, first_ration,
          minmay_box_of_dots, uniq_natasha, uniq_crazy_yiuf_cottage

Skill      XL: |  1  2 |
---------------+-------+-----
Maces & Flails | 2 |  2.2
Armour         | 3 |  3.1
Shields        | 3 |  3.1
Fighting       | |  3.4
Dodging        | |  0.7

Action                   || total
-------------------------++-------
Melee: Flail             ||   134
  Use: Potion            ||     2
Armor: Scale mail        ||    76
Dodge: Dodged            ||    46
Block: Shield            ||    91

Table legend:
 A = Non-vault XP
 B = Vault XP
 C = Vault XP percentage of total XP
 D = Non-vault monster count
 E = Vault monster count
 F = Vault count percentage of total count
                 A         B        C        D         E       F
            +---------+---------+-------+---------+---------+-------
      Total |      70 |       1 |   1.4 |      33 |       1 |   2.9
            +---------+---------+-------+---------+---------+-------
        D:1 |      39 |       0 |   0.0 |      23 |       0 |   0.0
        D:2 |      31 |       1 |   3.1 |      10 |       1 |   9.1
            +---------+---------+-------+---------+---------+-------
